[Event "Early-Titled-Tuesday-Blitz-May-28-2024"]
[Site "Chess.com"]
[Date "2024.05.28"]
[Round "9"]
[White "DrCeltic"]
[Black "chessdjw"]
[Result "1/2-1/2"]
[WhiteElo "2599"]
[BlackElo "2785"]
[TimeControl "180+1"]
[EndTime "9:46:29 PDT"]
[Termination "Game drawn by repetition"]

1. e4 c5 2. Nf3 d6 3. d4 cxd4 4.
Nxd4 Nf6 5. Nc3 a6 6. Be3 e5 7. Nf3 Be7 8. Bc4 O-O 9. O-O Nc6 10. Bb3 h6 11. Qd2 Na5 12. Rad1 Nxb3 13. axb3 b5 14.
Rfe1 Bb7 15. Bxh6 gxh6 16. Qxh6 Nh7 17. Nxe5 Qc8 18. Re3 Bg5 19. Rg3 dxe5 20. Rxg5+ Nxg5 21. Qxg5+ Kh7 22. Qh5+ Kg7 23. Qg5+ Kh7 24. Qh5+ Kg7 25. Qg5+ Kh7 1/2-1/2

[Event "Early-Titled-Tuesday-Blitz-May-28-2024"]
[Site "Chess.com"]
[Date "2024.05.28"]
[Round "9"]
[White "PonyQueen07"]
[Black "dinushkipremanath"]
[Result "0-1"]
[WhiteElo "2068"]
[BlackElo "2321"]
[TimeControl "180+1"]
[EndTime "9:46:29 PDT"]
[Termination "dinushkipremanath won by checkmate"]

1. c4 e6 2. e4 d5 3. exd5 exd5 4. d4 Nf6 5. Nc3 Be7 6. Nf3 O-O 7. Be2 c6 8. O-O Bg4 9. cxd5 cxd5 10. h3 Bf5 11.
Bg5 Nc6 12. Rc1 h6 13. Bh4 Re8 14. Qb3 Na5 15. Qb5 Bd7 16. Qd3 Be6 17. Nb5 Nc4 18. b3 a6 19. bxc4 dxc4 20. Qb1 axb5 21. Qxb5 Rxa2 22.
Bxc4 Bxc4 23. Qxc4 Qd5 24. Bxf6 Qxc4 25. Rxc4 Bxf6 26. d5 Rd8 27. Rd1 Rd6 28. Rb4 b6 29. Rb5 Ra5 30. Rdb1 Rxb5 31. Rxb5 Kh7 32. Nd2 Bd4 33.
Ne4 Rd7 34. Kf1 f5 35. Nd2 Kg6 36. Ke2 Kf6 37. Nf3 Bc5 38. Kf1 g5 39. Rb1 Rxd5 40. g4 Rd3 41. Kg2 fxg4 42. hxg4 Rc3 43. Rh1 Rc2 44. Rxh6+ Kg7 45. Rc6 Rxf2+ 46. Kg3 Rc2 47.
Nxg5 Bf2+ 48. Kf3 Rxc6 49. Kxf2 b5 50. Ne4 b4 51. Nd2 Rc2 52. Ke3 Rc8 53. Kd3 Kg6 54. Nc4 Kg5 55. Nd6 Rc1 56. Kd4 b3 57. Nc4 Rxc4+ 58. Kxc4 b2 59. Kc3 b1=Q 60. Kd4 Qf1 61. Ke5 Kxg4 62. Kd5 Kg5 63. Kc5 Qe2 64. Kb4 Kf5 65.
Ka5 Qd2+ 66. Ka6 Qc2 67. Ka7 Qb2 68. Ka8 Ke6 69. Ka7 Kd6 70. Ka8 Kc6 71. Ka7 Qb7# 0-1

[Event "Early-Titled-Tuesday-Blitz-May-28-2024"]
[Site "Chess.com"]
[Date "2024.05.28"]
[Round "9"]
[White "abelmat"]
[Black "linesman39"]
[Result "0-1"]
[WhiteElo "2060"]
[BlackElo "2283"]
[TimeControl "180+1"]
[EndTime "9:46:33 PDT"]
[Termination "linesman39 won by resignation"]

1. c4 g6 2. Nc3 Bg7 3. d4 d6 4.
e4 c6 5. f3 Nf6 6. Be3 O-O 7.
Nge2 a6 8. Qd2 b5 9. Ng3 Re8 10.
Bd3 e5 11. d5 cxd5 12. cxd5 Nbd7 13. O-O Nb6 14. b3 h5 15. Rac1 Bd7 16. Bh6 Bh8 17. Bg5 Qb8 18. Nge2 b4 19. Nd1 a5 20. Ne3 Qa7 21. Kh1 Rac8 22. Bh4 Rb8 23. Bf2 Qb7 24. Bc4 Bg7 25. Qd3 Nxc4 26. Nxc4 Bb5 27. Be3 Qa6 28. Qd2 Rec8 29. Ng3 Bxc4 30. bxc4 Rxc4 31. Rxc4 Qxc4 32. Rc1 Qb5 33. Rc6 Bf8 34. h3 h4 35. Ne2 a4 36. Bg5 Nh5 37. Ng1 Ng3+ 38. Kh2 Nf1+ 39. Kh1 Nxd2 40. Bxd2 b3 0-1

[Event "Early-Titled-Tuesday-Blitz-May-28-2024"]
[Site "Chess.com"]
[Date "2024.05.28"]
[Round "9"]
[White "Aygehovit1992"]
[Black "Shankland"]
[Result "0-1"]
[WhiteElo "2824"]
[BlackElo "2987"]
[TimeControl "180+1"]
[EndTime "9:46:34 PDT"]
[Termination "Shankland won by checkmate"]

1. e4 c5 2. Nc3 Nc6 3. Bb5 Nd4 4. Bc4 e6 5. Nge2 Nf6 6. O-O a6 7. a4 d5 8. exd5 exd5 9. Ba2 Bd6 10. d3 O-O 11. Nxd4 cxd4 12. Ne2 Bg4 13. h3 Bh5 14. f3 Rc8 15. Nxd4 Bc5 16. c3 Bxd4+ 17. cxd4 Qb6 18. Be3 Qxb2 19. Rf2 Qb6 20. Rb1 Qc6 21. a5 Bg6 22.
Bg5 Rfe8 23. Rb6 Qc3 24. Qd2 Qxd4 25. Bxf6 gxf6 26. Rxb7 Rc3 27. Rb3 Rec8 28. Rxc3 Rxc3 29. Qb2 Kg7 30. h4 h5 31. g3 Qe5 32. Kg2 Rxd3 33. Qb6 Qe1 34. Qxa6 Rd2 35. Qb6 d4 36. Rxd2 Qxd2+ 37.
Kh3 Bd3 38. g4 Bf1+ 39. Kg3 Qe1+ 40. Kf4 Qe5# 0-1

[Event "Early-Titled-Tuesday-Blitz-May-28-2024"]
[Site "Chess.com"]
[Date "2024.05.28"]
[Round "9"]
[White "Alex_Sahakyan2006"]
[Black "AldokhinIvan"]
[Result "1-0"]
[WhiteElo "2837"]
[BlackElo "2617"]
[TimeControl "180+1"]
[EndTime "9:46:36 PDT"]
[Termination "Alex_Sahakyan2006 won on time"]

1. e4 c5 2. Nf3 e6 3. Nc3 a6 4. g3 d6 5. Bg2 Nf6 6. e5 dxe5 7. Nxe5 Nbd7 8. Nc4 Rb8 9. a4 b6 10. d3 Bb7 11. Bxb7 Rxb7 12. Qf3 Qc8 13. Bf4 Ra7 14. O-O Qa8 15. Qxa8+ Rxa8 16. Bc7 Be7 17. Nxb6 Nxb6 18.
Bxb6 Kd7 19. b3 a5 20. d4 Kc6 21. Bxc5 Bxc5 22. dxc5 Kxc5 23. Rfd1 Rhd8 24. Nb5 Kb4 25. Kf1 Rac8 26. Rxd8 Rxd8 27. Ke2 Rc8 28. Kd3 Rd8+ 29. Ke2 Rc8 30. Rc1 Ne4 31. f3 1-0

[Event "Early-Titled-Tuesday-Blitz-May-28-2024"]
[Site "Chess.com"]
[Date "2024.05.28"]
[Round "9"]
[White "mbojan"]
[Black "twofoxniel"]
[Result "1-0"]
[WhiteElo "2913"]
[BlackElo "2713"]
[TimeControl "180+1"]
[EndTime "9:46:39 PDT"]
[Termination "mbojan won by resignation"]

1. Nf3 d5 2. g3 Nf6 3. Bg2 c6 4.
O-O Bf5 5. c4 e6 6. d3 Nbd7 7. Qb3 Qb6 8. cxd5 Qxb3 9. axb3 exd5 10. Bd2 Be7 11. b4 O-O 12. Nd4 Bg4 13. h3 Bh5 14. Re1 a6 15. Na3 Rfe8 16. Nac2 Bd6 17. f4 h6 18. Kf2 Bg6 19. Nb3 Bc7 20. Bc3 h5 21. Bd2 Bb6+ 22. Be3 Bc7 23. Na5 Re7 24. Nxb7 Rae8 25. Bd2 Bb6+ 26. Kf1 Rxe2 27. Rxe2 Bxd3 28. Bf3 Rxe2 29. Bxe2 Bxc2 30. Rxa6 Ne4 31. Be1 d4 32. Ra3 Ndf6 33. Bd3 Bxd3+ 34. Rxd3 Nd5 35. Na5 Ne3+ 36. Ke2 Nc2 37. Nxc6 f5 38. b5 Nc5 39. Ba5 Nxd3 40. Kxd3 Bxa5 41. Nxa5 Nb4+ 42. Kxd4 Kf7 43. b6 Na6 44. b7 Ke6 45. Nc6 1-0

[Event "Early-Titled-Tuesday-Blitz-May-28-2024"]
[Site "Chess.com"]
[Date "2024.05.28"]
[Round "9"]
[White "EvgenyBurmakin"]
[Black "Kielinkei"]
[Result "0-1"]
[WhiteElo "2341"]
[BlackElo "2463"]
[TimeControl "180+1"]
[EndTime "9:46:40 PDT"]
[Termination "Kielinkei won by checkmate"]

1. e4 c5 2. Nc3 a6 3. Nf3 Nc6 4. d4 cxd4 5. Nxd4 e6 6. Be3 Qc7 7. Be2 Nf6 8. O-O Be7 9. f4 d6 10. Qe1 O-O 11. Qf2 Bd7 12. g4 Nxd4 13. Bxd4 e5 14.
Bb6 Qc6 15. fxe5 dxe5 16. Nd5 Nxd5 17. exd5 Qxd5 18. Rad1 Qe6 19. h3 Bc6 20. b3 Kh8 21.
Bc4 Qh6 22. Qg3 f6 23. Bd5 Rac8 24. Be3 Qg6 25. c4 Rfd8 26. Rd2 Bxd5 27. cxd5 Qe4 28.
Rfd1 Rc3 29. Kf2 f5 30. d6 f4 31.
dxe7 fxg3+ 32. Kxg3 Qxe3+ 33. Kh4 Qh6# 0-1

[Event "Early-Titled-Tuesday-Blitz-May-28-2024"]
[Site "Chess.com"]
[Date "2024.05.28"]
[Round "9"]
[White "Andrii_Prydun"]
[Black "talaicito"]
[Result "0-1"]
[WhiteElo "2362"]
[BlackElo "2260"]
[TimeControl "180+1"]
[EndTime "9:46:42 PDT"]
[Termination "talaicito won by resignation"]

1. Nf3 f5 2. g3 Nf6 3. Bg2 d6 4. O-O e5 5. d3 Be7 6. Nc3 O-O 7. b3 Nc6 8. Bb2 Qe8 9. Nd2 Qh5 10. e4 Qh6 11. Nd5 Bd8 12. Nc4 f4 13. Nxf6+ Bxf6 14.
f3 fxg3 15. hxg3 b5 16. Nd2 Bg5 17. Rf2 Be3 18. Qe2 a5 19. a4 bxa4 20. Rxa4 Bd7 21. Nc4 Bxf2+ 22. Qxf2 Qg5 23. Ra1 h5 24. Bc1 Qg6 25.
Bd2 Nd4 26. f4 Bg4 27. Bxa5 Ne2+ 28. Kh2 exf4 29. gxf4 Rxf4 30. Qe3 Bf3 31. Qxe2 Bxe2 0-1

[Event "Early-Titled-Tuesday-Blitz-May-28-2024"]
[Site "Chess.com"]
[Date "2024.05.28"]
[Round "9"]
[White "rasmussvane"]
[Black "Lennis93"]
[Result "1-0"]
[WhiteElo "2954"]
[BlackElo "2778"]
[TimeControl "180+1"]
[EndTime "9:46:45 PDT"]
[Termination "rasmussvane won by resignation"]

1. Nf3 c5 2. c4 g6 3. d4 cxd4 4. Nxd4 Bg7 5. e4 Nc6 6. Be3 Nh6 7. Nc3 Ng4 8. Qxg4 Nxd4 9. Qd1 Ne6 10. Rc1 b6 11.
Bd3 Bb7 12. O-O O-O 13. Bb1 Nc5 14. Bd4 e5 15. Be3 f5 16. f3 Ne6 17. Qd2 Bc6 18.
Rfd1 Qh4 19. b4 Rf7 20. a4 Raf8 21. a5 bxa5 22. b5 Ba8 23. c5 Nd4 24. Ba2 fxe4 25. Nxe4 Bxe4 26. fxe4 Nxb5 27. Qxd7 Qxe4 28. Qd3 Qa4 29.
Bb3 Qb4 30. Rc4 e4 31. Rxb4 exd3 32. Rxb5 a4 33. Bxf7+ Rxf7 34. Rxd3 1-0

[Event "Early-Titled-Tuesday-Blitz-May-28-2024"]
[Site "Chess.com"]
[Date "2024.05.28"]
[Round "9"]
[White "Mikhail_Golubev"]
[Black "ViktoriyaTarasova"]
[Result "1-0"]
[WhiteElo "2634"]
[BlackElo "2385"]
[TimeControl "180+1"]
[EndTime "9:46:47 PDT"]
[Termination "Mikhail_Golubev won by resignation"]

1. e4 e5 2. Nf3 Nc6 3. Bc4 Bc5 4.
c3 Nf6 5. d3 d6 6. Nbd2 h6 7. Bb3 a6 8. O-O O-O 9. h3 Be6 10. Re1 Re8 11. Nc4 b5 12. Ne3 Bxb3 13. Qxb3 Qd7 14. Nf5 Kh7 15. Qc2 Bb6 16. d4 Ng8 17. d5 Nce7 18. g4 g6 19. Ng3 Rf8 20. Kg2 f5 21. exf5 gxf5 22. Nh4 Nxd5 23. Ngxf5 Kh8 24.
Ng6+ Kh7 25. Nxf8+ Rxf8 26. Be3 Nxe3+ 27. fxe3 Kh8 28.
Rf1 Nf6 29. e4 h5 30. g5 Rg8 31. h4 Ng4 32. Qe2 d5 33. Rad1 c6 34. Kh1 Qe6 35. Rf3 dxe4 36. Qxe4 Nf2+ 37. Rxf2 Bxf2 38. Rd6 1-0

[Event "Early-Titled-Tuesday-Blitz-May-28-2024"]
[Site "Chess.com"]
[Date "2024.05.28"]
[Round "9"]
[White "Abund"]
[Black "GOGIEFF"]
[Result "0-1"]
[WhiteElo "2814"]
[BlackElo "3020"]
[TimeControl "180+1"]
[EndTime "9:46:49 PDT"]
[Termination "GOGIEFF won by resignation"]

1. e4 c5 2. Nf3 Nc6 3. Bb5 e6 4. O-O Nge7 5. Re1 a6 6. Bf1 Ng6 7.
c3 Be7 8. d4 d6 9. Be3 O-O 10. a4 b6 11. Nbd2 cxd4 12. cxd4 Bb7 13. Rc1 Nb4 14. Qb3 a5 15. Rc3 d5 16. e5 f6 17. exf6 Bxf6 18. g3 e5 19. Rec1 Kh8 20. Rc7 Ba6 21. dxe5 Nxe5 22. Bxb6 Ned3 23. Bxd3 Nxd3 24.
R1c6 Qe8 25. Be3 Nb4 26. Rc1 Rb8 27. Bc5 Nd3 28. Qa3 Nxc1 29. Bxf8 Ne2+ 30. Kg2 Qxf8 31.
Qe3 d4 32. Qe6 Bd3 33. Ne1 Re8 34. Qg4 Bg6 35. Nef3 d3 36. b3 Nc3 37. h4 Ne4 38.
Ra7 Nxd2 39. Nxd2 Bc3 40. Nc4 d2 41. h5 Be4+ 42. Kh2 Qxf2+ 43. Kh3 Qg2+ 44. Kh4 Qh2+ 45. Kg5 Bf6+ 46. Kf4 Qf2+ 0-1

[Event "Early-Titled-Tuesday-Blitz-May-28-2024"]
[Site "Chess.com"]
[Date "2024.05.28"]
[Round "9"]
[White "manitodeplomo"]
[Black "Veleamater"]
[Result "0-1"]
[WhiteElo "2550"]
[BlackElo "2450"]
[TimeControl "180+1"]
[EndTime "9:46:52 PDT"]
[Termination "Veleamater won on time"]

1. d4 d6 2. Nf3 Nf6 3. c4 g6 4. Nc3 Bg7 5. e4 O-O 6. Be2 Nc6 7. d5 Ne5 8. Nxe5 dxe5 9. Be3 Ne8 10. O-O h6 11.
Qd2 Kh7 12. c5 f5 13. f3 f4 14. Bf2 g5 15. g4 fxg3 16. hxg3 Bh3 17. Rfd1 g4 18.
f4 exf4 19. gxf4 e5 20. dxe6 Qxd2 21. Rxd2 Rxf4 22. Rd7 Rf8 23. Rad1 Rg8 24. Nd5 g3 25. Bd4 Bxe6 26. Re7 Bxd5 27. exd5 Kg6 28. Bd3+ Kh5 29.
Bxg7 Rxg7 30. Rde1 Rxe7 31. Rxe7 Rd8 32. Re6 Kg5 33.
Re5+ Kf4 34. Re4+ Kf3 35. Re7 Kf4 36. Be4 Nf6 37. Bg2 Nxd5 38. Rh7 Ne3 39. Rf7+ Kg5 0-1

[Event "Early-Titled-Tuesday-Blitz-May-28-2024"]
[Site "Chess.com"]
[Date "2024.05.28"]
[Round "9"]
[White "Chopper1905"]
[Black "Witik"]
[Result "0-1"]
[WhiteElo "2945"]
[BlackElo "2809"]
[TimeControl "180+1"]
[EndTime "9:46:53 PDT"]
[Termination "Witik won by checkmate"]

1. d4 Nf6 2. c4 e6 3. Nc3 Bb4 4.
e3 O-O 5. Bd3 d5 6. Nf3 dxc4 7.
Bxc4 c5 8. O-O Nbd7 9. a3 Bxc3 10. bxc3 Qc7 11. Qe2 e5 12. a4 b6 13. Ba3 Bb7 14. Rfd1 Rad8 15. Rac1 Ne4 16. Nh4 Ndf6 17. Bb3 Rfe8 18.
Qa2 exd4 19. cxd4 Ng4 20. Nf3 Nexf2 21. Ne5 Rxe5 22. dxe5 Nxd1 23. Bxd1 Qxe5 24. Bxg4 Qxe3+ 25. Kh1 Rd2 26. Bh3 Rxa2 27. Rd1 h6 28. Bc1 Qe2 29. Rd8+ Kh7 30. Bb2 Qe1# 0-1

[Event "Early-Titled-Tuesday-Blitz-May-28-2024"]
[Site "Chess.com"]
[Date "2024.05.28"]
[Round "9"]
[White "Losingexperience"]
[Black "Shushik"]
[Result "1-0"]
[WhiteElo "2763"]
[BlackElo "2559"]
[TimeControl "180+1"]
[EndTime "9:46:54 PDT"]
[Termination "Losingexperience won by resignation"]

1. e4 c5 2. Nf3 d6 3. d4 cxd4 4. Qxd4 Nc6 5. Qe3 Nf6 6. h3 g6 7. Be2 Bg7 8. O-O O-O 9. c4 Qb6 10. Nc3 Be6 11. Rd1 Nd7 12. Rb1 Nde5 13. Nd5 Qxe3 14.
Bxe3 Nxf3+ 15. Bxf3 Rfc8 16. b3 Kf8 17. Be2 f5 18.
exf5 Bxf5 19. Bd3 Kf7 20. Rbc1 Ne5 21. Bxf5 gxf5 22. f4 Nd7 23. g4 Nf6 24. Nxf6 Bxf6 25. Kf2 Rg8 26. Kf3 b6 27. Rd5 e5 28. Rxd6 fxg4+ 29. hxg4 Rgd8 30. Rcd1 Rxd6 31. Rxd6 exf4 32. Bxf4 Be7 33. Rd7 Ke6 34. Rb7 Rf8 35. Ke4 Rg8 36.
g5 Bxg5 37. Bxg5 Rxg5 38. Rxa7 h5 39. Rb7 Rg2 40. Rxb6+ Kd7 41. Rh6 Rh2 42. a4 h4 43.
Kd5 h3 44. Kc5 Rh1 45. b4 h2 46. a5 Kc7 47. Rh7+ Kd8 48. b5 Kc8 49. a6 Kb8 50. b6 1-0

[Event "Early-Titled-Tuesday-Blitz-May-28-2024"]
[Site "Chess.com"]
[Date "2024.05.28"]
[Round "9"]
[White "BardArtem"]
[Black "dropstoneDP"]
[Result "0-1"]
[WhiteElo "2805"]
[BlackElo "2973"]
[TimeControl "180+1"]
[EndTime "9:46:55 PDT"]
[Termination "dropstoneDP won by checkmate"]

1. Nf3 d5 2. b3 c5 3. Bb2 f6 4.
g3 e5 5. Bg2 Nc6 6. O-O Be6 7.
d3 Nge7 8. e4 Qd7 9. Nbd2 d4 10.
Nh4 g5 11. Nf5 Nxf5 12. exf5 Bxf5 13. f4 gxf4 14. gxf4 O-O-O 15. fxe5 fxe5 16. Qf3 Be6 17. Ne4 Be7 18. Nf6 Bxf6 19. Qxf6 Rhg8 20. Kh1 Bd5 21.
Bxd5 Qxd5+ 22. Qf3 Qxf3+ 23. Rxf3 Rdf8 24. Rxf8+ Rxf8 25. Kg1 Kd7 26. a3 Ke6 27. Re1 Kd5 28. Bc1 b5 29. Kg2 c4 30. bxc4+ bxc4 31. Re4 h5 32. Rh4 Rf5 33. Rh3 c3 34. Rg3 Rf7 35. Rg6 Rb7 36. Kg3 Rb2 37. Bh6 Ne7 38. Rf6 Rb6 39. Rf7 Rxh6 40.
Rxe7 Rb6 41. Rd7+ Ke6 42. Rxa7 Rb2 43. Ra6+ Kf5 44. Kf3 Rxc2 45. Ra8 Rd2 46. Rf8+ Ke6 47. Re8+ Kd6 48. Ke4 Re2+ 49. Kf5 Rf2+ 50. Kg5 Rxh2 51.
Rb8 Rh3 52. Kf5 Rf3+ 53. Kg5 Rxd3 54. Rd8+ Kc7 55. Rd5 Kc6 56. Rxe5 c2 57. Re8 Rc3 58.
Rc8+ Kd7 59. Rf8 c1=Q+ 60. Kg6 Rg3+ 61. Kh7 Qg5 62. Rf7+ Ke6 63. Re7+ Qxe7+ 64. Kh6 Qg7+ 65.
Kxh5 Qh7# 0-1

[Event "Early-Titled-Tuesday-Blitz-May-28-2024"]
[Site "Chess.com"]
[Date "2024.05.28"]
[Round "9"]
[White "Chessmissile07"]
[Black "GeorgiosSouleidis"]
[Result "1-0"]
[WhiteElo "2828"]
[BlackElo "2609"]
[TimeControl "180+1"]
[EndTime "9:46:55 PDT"]
[Termination "Chessmissile07 won by resignation"]

1. a3 d5 2. Nf3 Nf6 3. e3 Bf5 4. c4 c6 5. Nc3 e6 6. h3 h6 7. d4 Bd6 8. Bd3 Bxd3 9. Qxd3 O-O 10. O-O Nbd7 11. e4 dxe4 12. Nxe4 Nxe4 13. Qxe4 Re8 14. Bf4 Qc7 15. Bxd6 Qxd6 16. Rad1 Rad8 17. Rfe1 b6 18. Qe3 Qc7 19. Nd2 e5 20. Nf3 e4 21. Nh4 Nf6 22.
Nf5 c5 23. dxc5 bxc5 24. Qc3 Qf4 25. Ne3 Qg5 26. b4 cxb4 27. axb4 h5 28. c5 h4 29.
c6 Rc8 30. Rd7 Qb5 31. Rd6 Re6 32. Rxe6 fxe6 33. Rc1 Nd5 34. Nxd5 exd5 35. Qe5 a6 36. Qe6+ 1-0

[Event "Early-Titled-Tuesday-Blitz-May-28-2024"]
[Site "Chess.com"]
[Date "2024.05.28"]
[Round "9"]
[White "JaloliddinIlkhomi"]
[Black "Kostya0705"]
[Result "1-0"]
[WhiteElo "2793"]
[BlackElo "2593"]
[TimeControl "180+1"]
[EndTime "9:46:55 PDT"]
[Termination "JaloliddinIlkhomi won by resignation"]

1. Nf3 Nf6 2. d4 d5 3. Bf4 c5 4.
e3 Qb6 5. Nc3 a6 6. a3 Nc6 7.
Rb1 Bg4 8. dxc5 Qxc5 9. Be2 e6 10. Ne5 Bxe2 11. Qxe2 Nxe5 12. Bxe5 Be7 13. O-O O-O 14. Rbd1 Nd7 15. Bd4 Qc6 16. e4 dxe4 17. Nxe4 e5 18. Bc3 f5 19. Ng3 e4 20. Nh5 g6 21.
Nf4 Bf6 22. Bxf6 Nxf6 23. Rd4 Rac8 24. c3 Rfd8 25. Rfd1 Rxd4 26. Rxd4 Kf7 27. h3 Ke7 28. Qd2 Qc7 29. Nd5+ Nxd5 30. Rxd5 Rd8 31. Qd4 Rxd5 32.
Qxd5 Qd7 33. Qg8 Kf6 34. Qf8+ Ke6 35. Qg8+ Ke5 36. Qh8+ Kf4 37. Qf6 g5 38. h4 gxh4 39. Kh2 e3 40. Qxh4+ Ke5 41. fxe3 Qd2 42. Qd4+ 1-0

[Event "Early-Titled-Tuesday-Blitz-May-28-2024"]
[Site "Chess.com"]
[Date "2024.05.28"]
[Round "9"]
[White "guillembaches"]
[Black "Boundless_Strike"]
[Result "0-1"]
[WhiteElo "2500"]
[BlackElo "2620"]
[TimeControl "180+1"]
[EndTime "9:46:55 PDT"]
[Termination "Boundless_Strike won on time"]

1. d4 e5 2. e4 d6 3. Nf3 Bd7 4. dxe5 Nc6 5. Bc4 dxe5 6. h3 Bd6 7. O-O Qe7 8. Nc3 O-O-O 9. Nd5 Qf8 10. c3 f5 11. exf5 Bxf5 12. Nh4 Bd7 13. b4 Nf6 14. Bg5 Ne7 15. Nxe7+ Qxe7 16. Qe2 e4 17. g3 Bxh3 18.
Rfe1 Kb8 19. Bxf6 Qxf6 20. Qxe4 Rhf8 21. Re2 Qxc3 22. Rae1 g5 23. Ng2 Bf5 24. Qd5 c6 25.
Qa5 Qxc4 26. Ne3 Qb5 27. Qa3 Bd3 28. Rd2 Bxb4 29. Rxd3 Bxa3 30. Rxa3 Qb4 31. Rb3 Qxe1+ 0-1

[Event "Early-Titled-Tuesday-Blitz-May-28-2024"]
[Site "Chess.com"]
[Date "2024.05.28"]
[Round "9"]
[White "RobertoJBM"]
[Black "ValeriyGrinev"]
[Result "1-0"]
[WhiteElo "2782"]
[BlackElo "2577"]
[TimeControl "180+1"]
[EndTime "9:47:01 PDT"]
[Termination "RobertoJBM won by resignation"]

1. d4 d5 2. Nf3 Nf6 3. e3 e6 4. Bd3 Be7 5. O-O O-O 6. Nbd2 b6 7.
Qe2 c5 8. c3 a5 9. e4 dxe4 10.
Nxe4 Bb7 11. Rd1 Qc7 12. Bg5 Nbd7 13. dxc5 Nxc5 14. Nxc5 Qxc5 15. Bxf6 Bxf6 16. Be4 Bxe4 17. Qxe4 Rad8 18. a4 g6 19. h4 h5 20. g3 Kg7 21.
Kg2 b5 22. axb5 Qxb5 23. Rxd8 Rxd8 24. Qc2 Rb8 25. Ra2 Rb7 26. Qe4 Rd7 27. Qa4 Qxa4 28. Rxa4 Rb7 29. Ra2 a4 30. Nd2 a3 31. bxa3 Bxc3 32.
Nc4 Rc7 33. Nd6 Rd7 34. Nb5 Ba5 35. Rc2 e5 36. Kf3 f5 37. Ke2 e4 38. a4 Kf7 39. Na3 Rd3 40. Nc4 Bb4 41. Ne5+ 1-0

[Event "Early-Titled-Tuesday-Blitz-May-28-2024"]
[Site "Chess.com"]
[Date "2024.05.28"]
[Round "9"]
[White "the_chess_child"]
[Black "HansOnTwitch"]
[Result "0-1"]
[WhiteElo "2894"]
[BlackElo "3121"]
[TimeControl "180+1"]
[EndTime "9:47:02 PDT"]
[Termination "HansOnTwitch won by checkmate"]

1. e4 c5 2. Nf3 d6 3. d3 Nc6 4. g3 g6 5. Bg2 Bg7 6. O-O Nf6 7. Re1 O-O 8. c3 Bg4 9. h3 Bxf3 10. Bxf3 Nd7 11.
a4 a6 12. Be3 e6 13. Bg2 b5 14. Nd2 b4 15. Rc1 bxc3 16. bxc3 Rb8 17. Nc4 Nb6 18. Na3 Na5 19. f4 Qd7 20. d4 cxd4 21. cxd4 Nxa4 22. e5 d5 23. Bf1 Rb3 24. Nb1 Nb2 25.
Qc2 Nbc4 26. Bxc4 dxc4 27. Nc3 Rfb8 28. Ra1 Nc6 29. Red1 Nb4 30. Qd2 Nd5 31. Rdc1 Nxc3 32. Rxc3 Rxc3 33. Qxc3 Rb3 34. Qd2 Qd5 35. Bf2 Bf8 36. Qa2 a5 37. Rc1 Bb4 38. Qe2 c3 39. Qa6 Rb2 40. Qc8+ Kg7 41. Rf1 c2 42. g4 Bd2 43. f5 exf5 44. gxf5 c1=Q 45. f6+ Kh6 46. Rxc1 Qf3 47. Rf1 Be3 48. Qg4 Bxf2+ 49. Kh2 Bg3+ 50. Kg1 Qg2# 0-1

[Event "Early-Titled-Tuesday-Blitz-May-28-2024"]
[Site "Chess.com"]
[Date "2024.05.28"]
[Round "9"]
[White "JAN2404"]
[Black "Felix-Rose"]
[Result "0-1"]
[WhiteElo "1966"]
[BlackElo "2281"]
[TimeControl "180+1"]
[EndTime "9:47:02 PDT"]
[Termination "Felix-Rose won by checkmate"]

1. e4 c5 2. d4 cxd4 3. c3 Nf6 4. e5 Nd5 5. Nf3 d6 6. cxd4 Nc6 7. Bc4 Nb6 8. Bb5 dxe5 9. Nxe5 Bd7 10. Nxd7 Nxd7 11. Nc3 a6 12. Ba4 Nb6 13. d5 Nxa4 14.
Qxa4 b5 15. Qe4 Na5 16. O-O Rc8 17. Rd1 Rc4 18. Qe2 Nb7 19. a4 Nd6 20. axb5 axb5 21.
Nxb5 Rc8 22. Bf4 Nxb5 23. Qxb5+ Qd7 24. Qxd7+ Kxd7 25. Ra7+ Ke8 26. b4 e5 27. dxe6 fxe6 28.
b5 Bc5 29. Rxg7 Rf8 30. Bg3 Rf7 31. Rg8+ Rf8 32. Rxf8+ Kxf8 33. h4 Bb6 34. Rd6 Rc1+ 35. Kh2 Bc7 36. Rc6 Bxg3+ 37. fxg3 Rb1 38. Rb6 Kf7 39. Rb8 Kf6 40. b6 Ke5 41. b7 h5 42.
Kh3 Rh1# 0-1

[Event "Early-Titled-Tuesday-Blitz-May-28-2024"]
[Site "Chess.com"]
[Date "2024.05.28"]
[Round "9"]
[White "betta2004"]
[Black "AradNazari"]
[Result "0-1"]
[WhiteElo "2598"]
[BlackElo "2794"]
[TimeControl "180+1"]
[EndTime "9:47:03 PDT"]
[Termination "AradNazari won by resignation"]

1. Nf3 c5 2. b3 b6 3. Bb2 Bb7 4. g3 e6 5. Bg2 Nf6 6. O-O Be7 7. e3 O-O 8. d4 d5 9. Ne5 Nbd7 10. f4 Ne4 11. Nd2 cxd4 12. exd4 f6 13. Nd3 f5 14. Nf3 Rc8 15. Nfe5 Nxe5 16. Nxe5 Nc3 17. Qe1 Qc7 18. Nd3 Ne4 19. Rc1 b5 20. Ne5 b4 21. Qe2 Qb6 22. Bxe4 fxe4 23. Qg4 Rc7 24. c3 bxc3 25. Rxc3 Rxc3 26. Bxc3 Rc8 27.
Qh5 Bf6 28. Qf7+ Kh8 29. Kg2 Qc7 30. Nd7 Ba6 31. Rc1 Bb5 32. Qxe6 Qxd7 33. f5 Qxe6 34. fxe6 Bxd4 35. e7 Rxc3 36. a4 Rxc1 0-1

[Event "Early-Titled-Tuesday-Blitz-May-28-2024"]
[Site "Chess.com"]
[Date "2024.05.28"]
[Round "9"]
[White "Iskusnyh"]
[Black "atbenina64"]
[Result "0-1"]
[WhiteElo "2627"]
[BlackElo "2796"]
[TimeControl "180+1"]
[EndTime "9:47:05 PDT"]
[Termination "atbenina64 won on time"]

1. d4 Nf6 2. c4 g6 3. g3 Bg7 4. Bg2 O-O 5. Nc3 d6 6. Nf3 Nc6 7. d5 Na5 8. b3 Nxd5 9. Nxd5 Bxa1 10. Bd2 c6 11. Nxe7+ Qxe7 12. Qxa1 Re8 13. O-O b6 14.
Bxa5 bxa5 15. Nd4 Bd7 16. Nxc6 Qxe2 17. Nd4 Qh5 18. Bxa8 Rxa8 19. Re1 a4 20. Qc3 axb3 21. axb3 a5 22. h4 Qg4 23. Nb5 Re8 24. Nxd6 Rxe1+ 25. Qxe1 Bc6 26. Ne8 Qf3 27. Nf6+ Qxf6 28. Qxa5 Qd4 29.
Qe1 Bf3 30. Kh2 h5 31. Qe3 Qd1 32. Qe8+ Kg7 33. Qe5+ Kh7 34. g4 Qh1+ 35. Kg3 Qg2+ 36. Kf4 Qh2+ 0-1

[Event "Early-Titled-Tuesday-Blitz-May-28-2024"]
[Site "Chess.com"]
[Date "2024.05.28"]
[Round "9"]
[White "Durarbayli"]
[Black "Oleksandr_Bortnyk"]
[Result "1-0"]
[WhiteElo "2923"]
[BlackElo "3009"]
[TimeControl "180+1"]
[EndTime "9:47:06 PDT"]
[Termination "Durarbayli won by resignation"]

1. e4 d6 2. d4 Nf6 3. Nc3 Nbd7 4. Nf3 e5 5. Rg1 c6 6. g4 h6 7. Be3 Qa5 8. Qd2 exd4 9. Nxd4 Ne5 10. Be2 Bxg4 11.
f4 Bxe2 12. fxe5 dxe5 13. Nb3 Qc7 14. Qxe2 O-O-O 15. Bxa7 Bb4 16. Qe3 Nd7 17. O-O-O b6 18.
Rxd7 Rxd7 19. Bxb6 Qd6 20. Bc5 Bxc5 21. Nxc5 Ra7 22. Rxg7 Qd4 23. Qxd4 exd4 24. N3a4 Re8 25. b4 Rae7 26. Nb6+ Kc7 27. Nc4 f5 28. Rxe7+ Rxe7 29. exf5 Re1+ 30. Kb2 Rf1 31. Ne6+ Kd7 32. Nxd4 Rf4 33.
Ne5+ Kd6 34. Nef3 c5 35. bxc5+ Kd5 36. c6 Re4 37. Kc3 Kd6 38. Kd3 Re8 39. Nd2 Ra8 40. Ne4+ Ke5 41. c7 Rc8 42. Nb5 Kd5 43. Ned6 Rxc7 44.
Nxc7+ Kxd6 45. Ne6 1-0

[Event "Early-Titled-Tuesday-Blitz-May-28-2024"]
[Site "Chess.com"]
[Date "2024.05.28"]
[Round "9"]
[White "Iball95"]
[Black "Msb2"]
[Result "1-0"]
[WhiteElo "2858"]
[BlackElo "3028"]
[TimeControl "180+1"]
[EndTime "9:47:06 PDT"]
[Termination "Iball95 won by checkmate"]

1. e4 e6 2. d4 d5 3. Nc3 Nf6 4. Bd3 c5 5. Nf3 c4 6. e5 cxd3 7. exf6 dxc2 8. Qxc2 gxf6 9. O-O Nc6 10. Bf4 Bd6 11. Qd2 h5 12. Rfe1 Bxf4 13. Qxf4 Kf8 14.
Rac1 a6 15. Na4 Ra7 16. Re3 Bd7 17. Nc5 Be8 18. Rxe6 b6 19. Rd6 Qe7 20. Nd3 Rc7 21. Rxf6 Rg8 22. Re1 Qd8 23. Rd6 Qc8 24. Qh6+ Rg7 25.
Qh8+ Rg8 26. Qxh5 Ne7 27. Ng5 Nf5 28. Rf6 Re7 29. Ne5 Rxe5 30. dxe5 Ke7 31. Rxf7+ Kd8 32.
e6 Qc2 33. h4 Qd2 34. Rd1 Qf4 35.
Rxd5+ Kc8 36. Qd1 Kb8 37. Rd8# 1-0